 Dungeon Crawl Stone Soup version 0.31.0-11-ge490571c62 (webtiles) character file.

Game seed: 12955455177327596553

172 inmateoo the Poker (level 5, -1/41 HPs)
             Began as a Human Delver on Jan 28, 2024.
             Slain by a troll zombie (9 damage)
             ... in an ossuary.
             The game lasted 00:02:33 (836 turns).

inmateoo the Poker (Human Delver)                    Turns: 836, Time: 00:02:34

Health: -1/41      AC:  3    Str: 14    XL:     5   Next: 52%
Magic:  5/5        EV: 12    Int: 11    God:
Gold:   17         SH:  0    Dex: 14    Spells: 4/4 levels left

rFire   . . .        a - +0 spear
rCold   . . .        (no shield)
rNeg    . . .        b - +0 leather armour
rPois   .            (no helmet)
rElec   .            (no cloak)
rCorr   .            (no gloves)
SInv    .            (no boots)
Will    .....        (no amulet)
Stlth   +++          (no ring)
HPRegen 0.26/turn    (no ring)
MPRegen 0.09/turn

%: no passive effects
@: no status effects
A: explore regen
a: no special abilities


You were in an ossuary.
You visited 1 branch of the dungeon, and saw 1 of its levels.
You also visited: Ossuary.

You collected 17 gold pieces.

Inventory:

Hand Weapons
 a - a +0 spear (weapon)
Armour
 b - a +0 leather armour (worn)
 h - the sphere of Battle
   (You found it on level 5 of the Dungeon)

   Battle:    It summons a battlesphere in combat, with strength depending on
   Conjurations skill.
   Destructive: It enhances your destructive magic, and weakens non-destructive
   magic.
Wands
 g - a wand of digging (3)
Scrolls
 c - a scroll of fog
 d - a scroll of revelation
 e - a scroll of fear
 i - a scroll of identify {unknown}


   Skills:
 + Level 3.5 Fighting
 + Level 5.2 Polearms
 - Level 2.0 Dodging
 - Level 5.0 Stealth


You had 4 spell levels left.
You didn't know any spells.
Your spell library was empty.

Dungeon Overview and Level Annotations

Branches:
Dungeon (5/15)            Ossuary (1/1)
 Temple: D:4-7

Altars:


Innate Abilities, Weirdness & Mutations

You regain HP and MP as you explore.


Message History

The goblin zombie hits you but does no damage.
You hit the goblin zombie.
You destroy the goblin zombie!
No target in view!
You open the door.
A troll zombie comes into view.
There is an open door here.
You hit the troll zombie but do no damage.
The troll zombie closely misses you.
The troll zombie claws you but does no damage. x2
You hit the troll zombie.
The troll zombie is lightly damaged.
You barely miss the troll zombie.
The troll zombie is lightly damaged.
The troll zombie barely misses you. The troll zombie claws you.
The troll zombie claws you!
You hit the troll zombie.
The troll zombie is lightly damaged.
The troll zombie bites you. The troll zombie claws you.
The troll zombie claws you!
You hit the troll zombie.
The troll zombie is lightly damaged.
You hit the troll zombie.
The troll zombie is moderately damaged.
The troll zombie misses you. The troll zombie completely misses you.
The troll zombie claws you.
You are too injured to fight recklessly!
You hit the troll zombie.
The troll zombie is moderately damaged.
The troll zombie bites you. The troll zombie barely misses you.
The troll zombie claws you.
* * * LOW HITPOINT WARNING * * *
There is an open door here.
The troll zombie attacks as it pursues you!
The troll zombie bites you.
* * * LOW HITPOINT WARNING * * *
The troll zombie claws you.
* * * LOW HITPOINT WARNING * * *
The troll zombie claws you!
You die...

#....#....#....#.#..#
########+#######.#..#
# ###..# # +.'..# #
#.#..# # #.#..# #
########..# #
#....#.'..# #
#....#@#..# #
#....Z.#..# #
#....###..# #
######.'..#
#....'.#..#
#....#.#..#
#....###..# #....#
+..# ###### #..#


You could see a troll zombie.

Vanquished Creatures
  An elf zombie (Ossuary)
  2 centaur zombies (Ossuary)
  2 mummies (Ossuary)
  2 adder zombies (Ossuary)
  A gnoll zombie (Ossuary)
  3 goblin zombies (Ossuary)
  2 kobold zombies (Ossuary)
  4 quokka zombies (Ossuary)
  2 rat zombies (Ossuary)
19 creatures vanquished.

Notes
Turn   | Place    | Note
-------+----------+-------------------------------------------
     0 | D:5      | inmateoo the Human Delver began the quest for the Orb.
     0 | D:5      | Reached XP level 1. HP: 18/18 MP: 1/1
     6 | D:5      | Found the sphere of Battle
    34 | D:5      | Found a sand-covered staircase.
    44 | Ossuary  | Entered an ossuary
    83 | Ossuary  | Reached XP level 2. HP: 20/24 MP: 2/2
   205 | Ossuary  | Reached XP level 3. HP: 29/29 MP: 3/3
   301 | Ossuary  | Reached XP level 4. HP: 22/35 MP: 4/4
   656 | Ossuary  | Reached skill level 5 in Polearms
   656 | Ossuary  | Reached XP level 5. HP: 6/41 MP: 5/5
   836 | Ossuary  | Slain by a troll zombie

Illustrated notes

Levels and vault maps discovered:
D:5:      layout_loops_ring, cheibrodos_worm_habitat, elyvilon_altar_3,
          nicolae_ossuary_entry_monument, chequers_serial_rivers_large_a,
          nrook_loot_triangle, grunt_tough_drop
Ossuary:  ossuary_boxes_badplayer

Skill      XL: |  1  2  3  4 |
---------------+-------------+-----
Polearms       | 3 4 5 |  5.2
Fighting       | |  3.5
Dodging        | |  2.0
Stealth        | |  5.0

Action                     |  1- 3 |  4- 6 || total
---------------------------+-------+-------++-------
  Melee: Spear             |    49 |   124 ||   173
    Use: Potion            |       |     1 ||     1
   Stab: Sleeping          |       |    10 ||    10
 Armour: Leather armour    |    22 |    67 ||    89
  Dodge: Dodged            |    19 |    38 ||    57
